 Dungeon Crawl Stone Soup version 0.31-a0-237-g2d982f9f85 (webtiles) character file.

Game seed: 17700835529596777952

37 qw the Shooter (level 3, -1/29 HPs)
             Began as a Minotaur Hexslinger on July 10, 2023.
             Slain by Ijyb
             ... wielding a +0 dagger
              (2 damage)
             ... on level 2 of the Dungeon.
             The game lasted 00:00:25 (1349 turns).

qw the Shooter (Minotaur Hexslinger)                Turns: 1349, Time: 00:00:25

Health: -1/29      AC:  2    Str: 12    XL:     3   Next: 23%
Magic:  3/3        EV: 12    Int: 10    God:
Gold:   123        SH:  0    Dex: 14    Spells: 3/4 levels left

rFire   . . .        Y - +1 sling
rCold   . . .        (no shield)
rNeg    . . .        c - +0 robe
rPois   .            (helmet restricted)
rElec   .            (no cloak)
rCorr   .            (no gloves)
SInv    .            (no boots)
Will    .....        (no amulet)
Stlth   +            (no ring)
HPRegen 0.24/turn    (no ring)
MPRegen 0.08/turn

%: no passive effects
@: no status effects
A: horns 2, retaliatory headbutt
a: no special abilities


You were on level 2 of the Dungeon.
You visited 1 branch of the dungeon, and saw 2 of its levels.

You collected 123 gold pieces.


Innate Abilities, Weirdness & Mutations

You have a pair of horns on your head.
You reflexively headbutt those who attack you in melee.


   Skills:
 - Level 2.0 Fighting
 + Level 3.8 Ranged Weapons
 - Level 2.1 Dodging
 - Level 1.0 Spellcasting
 - Level 2.0 Hexes


You had 3 spell levels left.
You knew the following spells:

 Your Spells              Type           Power      Damage    Failure   Level
a - Slow                  Hex            16%        N/A       16%         1

Your spell library contained the following spells:

 Spells                   Type           Power      Damage    Failure   Level
 Inner Flame              Hex/Fire       2%         N/A       56%         3
 Portal Projectile        Hex/Tloc       4%         N/A       56%         3
 Cause Fear               Hex            2%         N/A       83%         4

Inventory:

Hand Weapons
 Y - a +1 sling (weapon)
Armour
 b - a +0 ring mail
 c - a +0 robe (worn)
Scrolls
 a - a scroll of fear {unknown}
 g - a scroll of identify
Potions
 d - a potion of haste {unknown}
 i - a potion of magic {unknown}
 j - a potion of lignification {unknown}

Dungeon Overview and Level Annotations

Branches:
Dungeon (2/15)

Altars:

Annotations:
D:1 2 runed translucent doors
D:2 Ijyb


Message History

You furiously retaliate!
You headbutt the goblin.
You kill the goblin!
Ijyb hits you with a +0 dagger.
You shoot a sling bullet. The sling bullet hits Ijyb.
Ijyb is almost dead.
The goblin misses you. Ijyb hits you with a +0 dagger.
1342 ||| DRINKING potion of heal wounds.
You feel much better. Ijyb hits you with a +0 dagger.
The goblin completely misses you. The goblin closely misses you.
You shoot a sling bullet.
The sling bullet hits Ijyb but does no damage.
Ijyb is almost dead.
Ijyb closely misses you. The goblin hits you with a +0 dagger.
The goblin hits you but does no damage. Ijyb screams, "I no like you!"
Ijyb barely misses you. The goblin barely misses you.
You shoot a sling bullet. The sling bullet closely misses Ijyb.
Ijyb closely misses you. The goblin hits you with a +0 dagger.
The goblin completely misses you.
You shoot a sling bullet. The sling bullet hits Ijyb.
Ijyb is almost dead.
The goblin hits you with a +0 dagger. The goblin closely misses you.
Ijyb hits you with a +0 dagger.
You shoot a sling bullet. The sling bullet closely misses Ijyb.
The goblin hits you with a +0 dagger. Ijyb closely misses you.
The goblin hits you from afar with a +0 spear.
You shoot a sling bullet. The sling bullet closely misses Ijyb.
The goblin hits you with a +0 dagger.
The goblin hits you from afar with a +0 spear.
Ijyb hits you with a +0 dagger. Ijyb barely misses you.
The goblin hits you with a +0 dagger. The goblin completely misses you.
You shoot a sling bullet. The sling bullet barely misses Ijyb.
Ijyb hits you with a +0 dagger. The goblin hits you but does no damage.
The goblin completely misses you.
You shoot a sling bullet.
The sling bullet hits Ijyb but does no damage.
Ijyb is almost dead.
The goblin misses you. Ijyb hits you with a +0 dagger.
You die...

.......# #.#
####...# #.#
#...#.# . #.#
#.###.# .. #.#
#.#...# ... #.#
##...#.# .... #.#
...###.# ..... #.#
...###.#8....)8#g#
##.....>......g)@#
#.###.........)g.#
#.# ##..........
##.# ####.........
.#.# #.........#
.#.# #.!.......#
.#.. ###########
##.


You could see Ijyb and 2 goblins.

Vanquished Creatures
  A worm (D:2)
  4 ball pythons
  3 bats
  3 endoplasms (D:1)
  4 goblins (D:2)
  3 hobgoblins
  4 jackals (D:2)
  2 kobolds (D:1)
  2 quokkas (D:1)
  A frilled lizard (D:1)
  2 rats (D:1)
29 creatures vanquished.

Notes
Turn   | Place    | Note
-------+----------+-------------------------------------------
     0 | D:1      | qw the Minotaur Hexslinger began the quest for the Orb.
     0 | D:1      | Reached XP level 1. HP: 16/16 MP: 1/1
     0 | D:1      | 0 ||| qw: Version: 0.3-a-52-g30416fa
     0 | D:1      | 0 ||| qw: Game counter: 5091
     0 | D:1      | 0 ||| qw: Melee chars always use a shield: true
     0 | D:1      | 0 ||| qw: God list: Okawaru
     0 | D:1      | 0 ||| qw: Allow faded altars: false
     0 | D:1      | 0 ||| qw: Do Orc after clearing Dungeon:15 true
     0 | D:1      | 0 ||| qw: Do second Lair branch before Depths: true
     0 | D:1      | 0 ||| qw: Lair rune preference: random
     0 | D:1      | 0 ||| qw: Goals: Normal
     0 | D:1      | 0 ||| PLANNING D:1-11
   211 | D:1      | Reached skill level 3 in Ranged Weapons
   233 | D:1      | Reached XP level 2. HP: 22/23 MP: 2/2
   395 | D:1      | Found a large runed translucent door.
   395 | D:1      | Found a large runed translucent door.
   413 | D:1      | Noticed a troll
  1063 | D:1      | 1063 ||| READING scroll labelled BAYLERGH ZOORO.
  1064 | D:1      | 1064 ||| READING 2 scrolls labelled WOMAERIROO.
  1065 | D:1      | 1065 ||| READING scroll labelled KEHITE WIHIHAN.
  1066 | D:1      | 1066 ||| DRINKING 3 yellow potions.
  1067 | D:1      | 1067 ||| DRINKING 2 purple potions.
  1068 | D:1      | 1068 ||| DROPPING scroll of poison.
  1069 | D:1      | 1069 ||| DROPPING 2 potions of brilliance.
  1255 | D:2      | Reached XP level 3. HP: 12/29 MP: 3/3
  1324 | D:2      | Noticed Ijyb
  1341 | D:2      | HP: 6/29 [Ijyb/+0 dagger (3)]
  1342 | D:2      | 1342 ||| DRINKING potion of heal wounds.
  1347 | D:2      | HP: 7/29 [Ijyb/+0 dagger (3)]
  1348 | D:2      | HP: 1/29 [Ijyb/+0 dagger (4)]
  1349 | D:2      | Slain by Ijyb

Levels and vault maps discovered:
D:1:      erik_arrival_cave_to_civilisation [erik_arrival_cave_to_temple],
          layout_basic, minmay_hexomino_u4
D:2:      kennysheep_the_goblin_king, layout_rooms,
          hellmonk_ecumenical_altar_zigzags, uniq_natasha

Skill      XL: |  1  2 |
---------------+-------+-----
Ranged Weapons | 3 |  3.8
Fighting       | 2 |  2.0
Dodging        | |  2.1
Spellcasting   | |  1.0
Hexes          | |  2.0

Action                     || total
---------------------------++-------
   Fire: Sling             ||    96
    Use: Scroll            ||     3
         Potion            ||     3
 Armour: Robe              ||    13
  Dodge: Dodged            ||    46

Table legend:
 A = Non-vault XP
 B = Vault XP
 C = Vault XP percentage of total XP
 D = Non-vault monster count
 E = Vault monster count
 F = Vault count percentage of total count
                 A         B        C        D         E       F
            +---------+---------+-------+---------+---------+-------
      Total |      33 |      21 |  38.9 |      17 |      12 |  41.4
            +---------+---------+-------+---------+---------+-------
        D:1 |      15 |      14 |  48.3 |       9 |       8 |  47.1
        D:2 |      18 |       7 |  28.0 |       8 |       4 |  33.3
            +---------+---------+-------+---------+---------+-------
